 Dungeon Crawl Stone Soup version 0.16-a0-3553-gf2c86d1 (console) character file.

142 Kellhus the Conjurer (level 5, -6/35 HPs)
             Began as a Vampire Wizard on Jan 10, 2015.
             Mangled by EdwardR's ghost (12 damage)
             ... on level 3 of the Dungeon.
             The game lasted 00:03:29 (2751 turns).

Kellhus the Conjurer (Vampire Wizard)               Turns: 2751, Time: 00:03:29

Health: -6/35      AC:  7    Str:  6    XL:     5   Next: 3%
Magic:  2/11       EV: 12    Int: 21    God:
Gold:   111        SH:  0    Dex: 12    Spells: 1 memorised, 9 levels left

rFire  . . .     SeeInvis +     a - +2 dagger (protect)
rCold  . . .     Clarity  .     g - +0 robe
rNeg   . . .     SustAb   .     (no shield)
rPois  .         Gourm    .     b - +0 hat
rElec  .         Spirit   .     (no cloak)
rCorr  .         Warding  .     (no gloves)
rMut   .         Stasis   .     (no boots)
MR     .....                    (no amulet)
Stlth  ++........               (no ring)
                                (no ring)

@: regenerating quickly, not resistant to hostile enchantments, unstealthy
A: bottle blood, fangs 3, see invisible, unbreathing
a: no special abilities


You were on level 3 of the Dungeon.
You were full.

You visited 1 branch of the dungeon, and saw 3 of its levels.

You collected 111 gold pieces.

Inventory:

Hand weapons
 a - a +2 dagger of protection (weapon)
 m - a +0 whip of freezing
Armour
 b - a +0 hat (worn)
 g - a +0 robe (worn)
Magical devices
 d - a wand of slowing (17)
Scrolls
 e - a scroll of amnesia {unknown}
 j - a scroll of immolation {unknown}
 k - 2 scrolls of identify {unknown}
 l - 2 scrolls of magic mapping {unknown}
Potions
 f - 2 potions of haste {unknown}
 h - a potion of curing {unknown}
 i - a potion of cancellation {unknown}
 n - a potion of cure mutation {unknown}
Books
 c - a book of Minor Magic

   Spells                             Type                      Level
   a - Magic Dart                     Conjuration                  1
   b - Blink                          Translocation                2
   c - Call Imp                       Summoning                    2
   d - Repel Missiles                 Charms/Air                   2
   e - Slow                           Hexes                        2
   f - Conjure Flame                  Conjuration/Fire             3
   g - Mephitic Cloud                 Conjuration/Poison/Air       3


   Skills:
 - Level 2.1 Dodging
 - Level 3.0 Stealth
 - Level 3.0 Spellcasting
 + Level 3.7 Conjurations
   Level 1.0 Summonings
   Level 0.7 Translocations


You had 9 spell levels left.
You knew the following spells:

 Your Spells              Type           Power        Failure   Level  Hunger
a - Magic Dart            Conj           ###.         3%          1    None


Dungeon Overview and Level Annotations

Branches:
Dungeon (3/15)

Altars:
Cheibriados

Annotations:
D:3 EdwardR's ghost, average MiFi


Innate Abilities, Weirdness & Mutations

Your natural rate of healing is unusually fast.
You can bottle blood from corpses.
You have razor-sharp teeth.
You have supernaturally acute eyesight.
You can survive without breathing.


Message History

EdwardR's ghost is moderately damaged.
EdwardR's ghost hits you!
Casting: Magic Dart
Confirm with . or Enter, or press ? or * to list all spells.
Aiming: Magic Dart
Press: ? - help, Shift-Dir - straight line, f/p - EdwardR's ghost
Aim: EdwardR's ghost (moderately damaged)
The magic dart hits EdwardR's ghost.
EdwardR's ghost is moderately damaged.
EdwardR's ghost hits you!
* * * LOW HITPOINT WARNING * * *
Casting: Magic Dart
Confirm with . or Enter, or press ? or * to list all spells.
Aiming: Magic Dart
Press: ? - help, Shift-Dir - straight line, f/p - EdwardR's ghost
Aim: EdwardR's ghost (moderately damaged)
The magic dart hits EdwardR's ghost.
EdwardR's ghost is moderately damaged.
EdwardR's ghost hits you!
You die...

##.......#
###........#
#..........#
#.#........#
#.#.#'#..###
###.#......#
#...#..)#).###
######...#....)....
#.@......+..#รท##.##
#W###########.##.#
... #.....#....#
..#.. #.._..#....#
..# ... #.....####.#
.#.. #.....####.#
#.... ###'###..#.##
#.# #)##.#.#.#.
#(...#.#.#.


You could see EdwardR's ghost.

Vanquished Creatures
  5 adders
  3 gnolls (D:3)
  2 worms
  2 giant geckos
  An ooze (D:2)
  2 giant cockroaches (D:1)
  6 goblins
  11 hobgoblins
  4 jackals (D:2)
  5 kobolds
  2 quokkas
  6 bats
  2 giant newts (D:2)
  4 rats
55 creatures vanquished.

Notes
Turn   | Place    | Note
--------------------------------------------------------------
     0 | D:1      | Kellhus, the Vampire Wizard, began the quest for the Orb.
     0 | D:1      | Reached XP level 1. HP: 13/13 MP: 4/4
   147 | D:1      | Reached skill level 1 in Conjurations
   580 | D:1      | Reached XP level 2. HP: 19/19 MP: 4/6
  1236 | D:2      | Reached XP level 3. HP: 18/24 MP: 0/7
  1824 | D:2      | Reached XP level 4. HP: 18/30 MP: 0/9
  2454 | D:3      | Found a snail-covered altar of Cheibriados.
  2630 | D:3      | Reached XP level 5. HP: 17/35 MP: 0/11
  2741 | D:3      | Noticed EdwardR's ghost (average MiFi)
  2751 | D:3      | Mangled by EdwardR's ghost

Action                   |  1- 3 |  4- 6 || total
-------------------------+-------+-------++-------
Melee: Unarmed           |    21 |       ||    21
       Dagger            |    29 |    19 ||    48
 Cast: Magic Dart        |    95 |    65 ||   160
  Eat: Corpse            |    12 |     2 ||    14
